 Dungeon Crawl Stone Soup version 0.30.1-11-g7821555f0a (webtiles) character file.

Game seed: 1832322614764915320

48 Zonian the Caller (level 3, -1/14 HPs)
             Began as a Felid Summoner on Dec 24, 2023.
             Slain by Sigmund
             ... wielding a +0 scythe
              (5 damage)
             ... on level 2 of the Dungeon.
             The game lasted 00:03:24 (1308 turns).

Zonian the Caller (Felid Summoner)                  Turns: 1308, Time: 00:03:25

Health: -1/14      AC:  1    Str:  6    XL:     3   Next: 50%
Magic:  7/7        EV: 18    Int: 16    God:
Gold:   113        SH:  0    Dex: 16    Spells: 6/7 levels left
                                        Lives:  0   Deaths: 0

rFire   . . .        (weapon unavailable)
rCold   . . .        (shield unavailable)
rNeg    . . .        (body armour unavailable)
rPois   .            (helmet unavailable)
rElec   .            (cloak unavailable)
rCorr   .            (gloves unavailable)
SInv    +            (boots unavailable)
Will    .....        (no amulet)
Stlth   +++          (no ring)
HPRegen 0.22/turn    (no ring)
MPRegen 0.10/turn

%: no passive effects
@: hasted, very quick
A: very small, claws 1, fangs 3, see invisible, speed 1, shaggy fur 1, stealthy
paws, no weapons or thrown items, no armour, multi-lived
a: no special abilities


You were on level 2 of the Dungeon.
You visited 1 branch of the dungeon, and saw 2 of its levels.

You collected 113 gold pieces.

Inventory:

Jewellery
 d - a ring of magical power
Scrolls
 e - a scroll of identify
 h - a scroll of magic mapping {unknown}
 i - 2 scrolls of vulnerability {unknown}
Potions
 a - a potion of magic
 b - a potion of haste
 c - a potion of curing
 f - a potion of flight
 g - a potion of experience {unknown}
 j - a potion of heal wounds {unknown}


   Skills:
 + Level 3.5 Dodging
 + Level 3.6 Stealth
 + Level 2.5 Spellcasting
 + Level 4.3 Summonings


You had 6 spell levels left.
You knew the following spells:

 Your Spells              Type           Power      Damage    Failure   Level
a - Summon Small Mammal   Summ           60%        N/A       3%          1

Your spell library contained the following spells:

 Spells                   Type           Power      Damage    Failure   Level
 Call Imp                 Summ           30%        N/A       4%          2
 Call Canine Familiar     Summ           15%        N/A       10%         3
 Summon Guardian Golem    Hex/Summ       8%         N/A       24%         3
 Summon Lightning Spire   Summ/Air       8%         N/A       63%         4


Dungeon Overview and Level Annotations

Branches:
Dungeon (2/15)

Altars:

Annotations:
D:2 Sigmund


Innate Abilities, Weirdness & Mutations

You have sharp claws.
You have razor-sharp teeth.
You have supernaturally acute eyesight. (SInv)
You cover ground quickly. (Speed+)
You are covered in fur. (AC +1)
Your paws help you pounce on unaware monsters.
You are incapable of wielding weapons or throwing items.
You cannot wear armour.
You gain extra lives every three experience levels.


Message History

You see here 11 gold pieces.
You now have 113 gold pieces (gained 11).
Unknown command.
You miss the frilled lizard. The frilled lizard barely misses you.
You barely miss the frilled lizard. The frilled lizard barely misses you.
You scratch the frilled lizard but do no damage.
The frilled lizard closely misses you.
You scratch the frilled lizard.
The frilled lizard is moderately wounded.
The frilled lizard closely misses you.
You scratch the frilled lizard.
You kill the frilled lizard!
You scratch the ball python. Your claw misses the ball python.
The ball python is severely wounded.
The ball python barely misses you. The ball python grabs you.
The ball python constricts you.
You scratch the ball python.
You kill the ball python!
No target in view!
Unknown command.
You see here a ball python corpse.
Sigmund the Dreaded comes into view.
He is wielding a +0 scythe.
Sigmund is nearby!
Sigmund shouts!
You see here a scroll of identify.
e - a scroll of identify An adder comes into view.
Unknown command.
Okay, then.
Okay, then.
You feel yourself speed up. Sigmund hits you with a +0 scythe!
Ouch! That really hurt!
* * * LOW HITPOINT WARNING * * *
You barely miss Sigmund.
The adder hisses angrily.
You scratch Sigmund. Your bite misses Sigmund.
Sigmund is lightly wounded.
Sigmund hits you with a +0 scythe.
You die...

.......†.#.....#
........†#.......
............########.
...........#........
...........#........
...........#........
...........#........
...........#.@......
..........##@.......
....................
###.................
##................
..................
...................
.....S.............
............######.
............


You could see Sigmund and an adder.

Vanquished Creatures
  An adder (D:2)
  3 endoplasms
  2 giant cockroaches
  4 goblins (D:1)
  2 hobgoblins (D:1)
  2 jackals (D:1)
  5 kobolds (D:1)
  6 ball pythons
  5 bats (D:1)
  5 frilled lizards
  A rat (D:1)
36 creatures vanquished.

Notes
Turn   | Place    | Note
-------+----------+-------------------------------------------
     0 | D:1      | Zonian the Felid Summoner began the quest for the Orb.
     0 | D:1      | Reached XP level 1. HP: 7/7 MP: 4/4
   300 | D:1      | Reached XP level 2. HP: 11/11 MP: 6/6
   673 | D:1      | Reached XP level 3. HP: 7/14 MP: 7/7
  1302 | D:2      | Noticed Sigmund
  1308 | D:2      | Slain by Sigmund

Illustrated notes

Levels and vault maps discovered:
D:1:      giann_wishing_wells, layout_basic, minmay_three_crescents
D:2:      layout_basic, uniq_sigmund, uniq_terence

Skill      XL: |  1 |
---------------+----+-----
Stealth        | 3 |  3.6
Dodging        | 3 |  3.5
Spellcasting   | |  2.5
Summonings     | |  4.3

Action                     || total
---------------------------++-------
  Melee: Unarmed           ||   154
         Punch             ||     1
         Bite              ||    12
    Use: Scroll            ||     3
         Potion            ||     1
   Stab: Sleeping          ||     4
 Armour: Skin              ||    12
  Dodge: Dodged            ||   152
